 Dungeon Crawl Stone Soup version 0.18.1-50-g88ac8fd (webtiles) character file.

86 raph the Grave Robber (level 4, -8/36 HPs)
             Began as a Deep Dwarf Necromancer on Oct 23, 2016.
             Mangled by an ice beast (13 damage)
             ... on level 2 of the Dungeon.
             The game lasted 00:04:19 (1661 turns).

raph the Grave Robber (Deep Dwarf Necromancer)      Turns: 1661, Time: 00:04:20

Health: -8/36      AC:  3    Str: 12    XL:     4   Next: 27%
Magic:  1/7        EV: 13    Int: 21    God:
Gold:   93         SH:  0    Dex: 13    Spells: 3 memorised, 2 levels left

rFire  . . .     SeeInvis .     o - +1 whip (flame)
rCold  . . .     Gourm    .     a - +0 robe
rNeg   . . .     Faith    .     (no shield)
rPois  .         Spirit   .     (no helmet)
rElec  .         Dismiss  .     (no cloak)
rCorr  .         Reflect  .     (no gloves)
SustAt .         Harm     .     q - +0 pair of boots
MR     .....                    (no amulet)
Stlth  ++........               (no ring)
                                (no ring)

@: brilliant, non-regenerating, not resistant to hostile enchantments,
unstealthy
A: damage resistance, recharge devices, sense surroundings 1, slow regeneration
3
a: Device Recharging


You were on level 2 of the Dungeon.
You were not hungry.

You visited 1 branch of the dungeon, and saw 2 of its levels.

You collected 93 gold pieces.

Inventory:

Hand Weapons
 m - a +0 short sword
 o - a +1 whip of flaming (weapon)
Missiles
 l - 4 tomahawks (quivered)
Armour
 a - a +0 robe (worn)
 q - a +0 pair of boots (worn)
Wands
 c - a wand of heal wounds (5/9)
Scrolls
 e - a scroll of random uselessness {unknown}
 h - 2 scrolls of identify {unknown}
Potions
 f - 2 potions of curing {unknown}
 i - a potion of haste {unknown}
 j - a potion of flight {unknown}
 n - a potion of brilliance
 r - a potion of heal wounds {unknown}
 s - a potion of degeneration {unknown}
 t - a potion of lignification {unknown}
Books
 b - a book of Necromancy

   Spells                             Type                      Level
   a - Pain                           Necromancy                   1
   b - Animate Skeleton               Necromancy                   1
   c - Vampiric Draining              Necromancy                   3
   d - Regeneration                   Charms/Necromancy            3
   e - Animate Dead                   Necromancy                   4
   f - Control Undead                 Necromancy                   4
Comestibles
 d - 2 bread rations
 g - a meat ration
 k - 2 slices of pizza


   Skills:
 + Level 0.0 Fighting
 + Level 3.1 Dodging
 + Level 2.8 Stealth
 - Level 2.2 Spellcasting
 * Level 5.4 Necromancy


You had 2 spell levels left.
You knew the following spells:

 Your Spells              Type           Power        Failure   Level  Hunger
a - Pain                  Necr           ####         1%          1    #......
b - Animate Skeleton      Necr           N/A          1%          1    #......
c - Vampiric Draining     Necr           #####.....   1%          3    ###....


Dungeon Overview and Level Annotations

Branches:
Dungeon (2/15)

Altars:


Innate Abilities, Weirdness & Mutations

You are resistant to damage.
You can recharge devices by infusing magical energy.
You passively map a small area around you.
You do not regenerate naturally.


Message History

Aiming: Pain
Press: ? - help, Shift-Dir - straight line, f/p - ice beast
Aim: an ice beast (heavily wounded, chance to defeat MR: 78%)
The ice beast convulses in agony!
The ice beast misses you.
Casting: Pain
Confirm with . or Enter, or press ? or * to list all spells.
Aiming: Pain
Press: ? - help, Shift-Dir - straight line, f/p - ice beast
Aim: an ice beast (severely wounded, chance to defeat MR: 78%)
The ice beast convulses in agony!
The ice beast hits you. The ice beast freezes you!
* * * LOW HITPOINT WARNING * * *
You barely miss the ice beast.
The ice beast is severely wounded.
The ice beast barely misses you.
Drink which item? (? for menu, Esc to quit)
It was a potion of brilliance.
You feel clever all of a sudden. The ice beast hits you.
The ice beast freezes you!
You die...

############# #
#......@Y...# ##
#.#########.# .##
#...(..# #.# #..###.#
* #.########..# #.# *,
#...........# #.# *
.#####.####.###.####.#
## #.# #.#.....>..# #
#.# #.#.#.######


You could see an ice beast.

Vanquished Creatures
  3 adders (D:2)
  A worm (D:2)
  2 dart slugs (D:1)
  4 bats
  A giant cockroach (D:1)
  8 goblins
  4 hobgoblins (D:1)
  5 jackals
  4 kobolds (D:1)
  A ball python (D:1)
  4 giant newts
  5 rats
42 creatures vanquished.

Vanquished Creatures (collateral kills)
  An adder (D:2)
  A giant cockroach (D:1)
  A jackal (D:2)
3 creatures vanquished.

Grand Total: 45 creatures vanquished

Notes
Turn   | Place    | Note
--------------------------------------------------------------
     0 | D:1      | raph the Deep Dwarf Necromancer began the quest for the Orb.
     0 | D:1      | Reached XP level 1. HP: 15/15 MP: 3/3
    30 | D:1      | Learned a level 1 spell: Animate Skeleton
   253 | D:1      | Reached XP level 2. HP: 22/22 MP: 2/4
   638 | D:1      | Reached XP level 3. HP: 26/28 MP: 3/6
   643 | D:1      | Learned a level 3 spell: Vampiric Draining
  1072 | D:2      | Reached skill level 5 in Necromancy
  1246 | D:2      | Found a faded altar to an unknown god.
  1482 | D:2      | Reached XP level 4. HP: 31/36 MP: 0/7
  1645 | D:2      | Noticed an ice beast
  1661 | D:2      | Mangled by an ice beast

Skill      XL: |  1  2  3 |
---------------+----------+-----
Spellcasting   | 2 |  2.2
Dodging        | 3 |  3.1
Necromancy     | 5 |  5.4
Stealth        | |  2.8

Action                   |  1- 3 |  4- 6 || total
-------------------------+-------+-------++-------
Melee: Unarmed           |     1 |       ||     1
       Whip              |    14 |     8 ||    22
       Short sword       |     1 |       ||     1
 Cast: Pain              |    72 |    13 ||    85
       Animate Skeleton  |    14 |       ||    14
       Vampiric Draining |     2 |       ||     2
  Use: Potion            |       |     1 ||     1
  Eat: Chunk             |     3 |     1 ||     4
Armor: Robe              |     8 |       ||     8
Dodge: Dodged            |    24 |    11 ||    35
